 Dungeon Crawl Stone Soup version 0.28-a0-413-gde365fb1df (webtiles) character file.

Game seed: 2718424658563553139

599 robertstho the Magician (level 7, -1/49 HPs)
             Began as a Djinni Fire Elementalist on Sept 3, 2021.
             Slain by Edmund (12 damage)
             ... on level 4 of the Dungeon on Sept 7, 2021.
             The game lasted 00:05:15 (4563 turns).

robertstho the Magician (Djinni Fire Elementalist)  Turns: 4563, Time: 00:05:16

Health: -1/49      AC:  2    Str:  7    XL:     7   Next: 68%
Gold:   176        EV: 12    Int: 19    God:
                   SH:  0    Dex: 13

rFire   + + .      SeeInvis .   c - +1 short sword (drain)
rCold   x . .      Faith    .   (no shield)
rNeg    . . .      Spirit   .   a - +0 robe
rPois   ∞          Reflect  .   (no helmet)
rElec   .          Harm     .   (no cloak)
rCorr   .          Rampage  .   (no gloves)
Will    .....                   (boots unavailable)
Stlth   ++........              (no amulet)
HPRegen 0.16/turn               (no ring)
MPRegen 0.00/turn               (no ring)

@: flying
A: sickness immunity, fire resistance 2, cold vulnerability 1, float, innate
caster, hp casting, extra vitality 1
a: no special abilities


You were on level 4 of the Dungeon.
You visited 1 branch of the dungeon, and saw 4 of its levels.

You collected 176 gold pieces.

Inventory:

Hand Weapons
 c - a +1 short sword of draining (weapon)
Armour
 a - a +0 robe (worn)
Jewellery
 k - a +4 ring of protection
Scrolls
 e - a scroll of magic mapping
 f - a scroll of teleportation
 g - a scroll of enchant weapon
Potions
 b - a potion of ambrosia {unknown}
 d - a potion of heal wounds
 h - a potion of invisibility {unknown}
 i - a potion of berserk rage {unknown}
 j - 2 potions of resistance {unknown}
 l - a potion of degeneration {unknown}
 m - a potion of mutation {unknown}


   Skills:
 * Level 2.2 Fighting
 + Level 2.4 Dodging
 + Level 2.4 Stealth
 * Level 5.8 Spellcasting


You couldn't memorise any spells.
You knew the following spells:

 Your Spells              Type           Power      Damage    Failure   Level
a - Foxfire               Conj/Fire      100%       2x1d9     1%          1
b - Scorch                Fire           54%        2d7       1%          2
c - Conjure Flame         Conj/Fire      27%        6-21      3%          3
d - Inner Flame           Hex/Fire       27%        N/A       3%          3
e - Flame Wave            Conj/Fire      27%        3d6       11%         4
f - Sting                 Tmut/Pois      100%       1d8       1%          1
g - Blink                 Tloc           N/A        N/A       1%          2
h - Poisonous Vapours     Pois/Air       54%        N/A       1%          2
Your spell library was empty.

Dungeon Overview and Level Annotations

Branches:
Dungeon (4/15)
 Temple: D:4-7

Altars:

Shops:
D:3 (

Annotations:
D:3 Weapon shop
D:4 Edmund


Innate Abilities, Weirdness & Mutations

You are immune to sickness and miasma.
You are immune to poison.
Your flesh is very heat resistant. (rF++)
You are vulnerable to cold. (rC-)
You float through the air rather than walking.
You learn spells naturally, not from books.
Your magical power is your life essence.
You have superior vitality. (+4 HP)


Message History

Confirm with . or Enter, or press ? or * to list all spells.
Flames lash Edmund.
Edmund is burned terribly!
Edmund is heavily wounded.
Edmund barely misses you.
Casting: Scorch (safe; 1% risk of failure)
Confirm with . or Enter, or press ? or * to list all spells.
Flames lash Edmund.
Edmund is burned terribly!
Edmund is heavily wounded.
Edmund barely misses you.
Casting: Scorch (safe; 1% risk of failure)
Confirm with . or Enter, or press ? or * to list all spells.
Flames lash Edmund.
Edmund is burned terribly!
Edmund is severely wounded.
Edmund is no longer more vulnerable to fire.
Edmund closely misses you.
Casting: Scorch (safe; 1% risk of failure)
Confirm with . or Enter, or press ? or * to list all spells.
Flames lash Edmund.
Edmund is severely wounded.
Edmund's fire resistance burns away.
Edmund hits you with a +0 flail of protection!
Casting: Scorch (safe; 1% risk of failure)
Confirm with . or Enter, or press ? or * to list all spells.
Flames lash Edmund but do no damage.
Edmund barely misses you.
Casting: Scorch (safe; 1% risk of failure)
Confirm with . or Enter, or press ? or * to list all spells.
Flames lash Edmund but do no damage.
Edmund closely misses you.
Casting: Scorch (safe; 1% risk of failure)
Confirm with . or Enter, or press ? or * to list all spells.
Flames lash Edmund.
Edmund is burned terribly!
Edmund is severely wounded.
Edmund is no longer more vulnerable to fire.
Edmund hits you with a +0 flail of protection!
* * * LOW HITPOINT WARNING * * *
Casting: Scorch (safe; 1% risk of failure)
Confirm with . or Enter, or press ? or * to list all spells.
Flames lash Edmund but do no damage.
* * * LOW HITPOINT WARNING * * *
Edmund hits you with a +0 flail of protection!
You die...

##. #...# ###..###
#...# # ......# #...#
#. #.##.########...##
.#.##.......#.........
......##..............
#.....##.#.........
#.#.....##.###.#...#.
#.)@@...##.###.#...#.
####.#.###...........
#...?....##.#...).
###(####<##.##.#.. #.#
.##....... #.#
.##.##.#<# #.#
........# $.#
#####.### #.


You could see Edmund.

Vanquished Creatures
  Sigmund (D:3)
  A black bear (D:4)
  Blork the orc (D:4)
  An orc priest (D:3)
  An orc wizard (D:3)
  Natasha (thrice) (D:4)
  3 gnolls (D:2)
  6 adders
  An adder skeleton (D:4)
  2 dart slugs
  4 orcs
  A bat (D:2)
  4 endoplasms
  4 giant cockroaches
  5 goblins
  6 hobgoblins
  3 jackals (D:4)
  A quokka (D:3)
  3 ball pythons
  4 frilled lizards
  3 kobolds
  5 rats
63 creatures vanquished.

Vanquished Creatures (others)
  124 foxfires
124 creatures vanquished.

Grand Total: 187 creatures vanquished

Notes
Turn   | Place    | Note
-------+----------+-------------------------------------------
     0 | D:1      | robertstho the Djinni Fire Elementalist began the quest for
                  | the Orb.
     0 | D:1      | Reached XP level 1. HP: 15/15 MP: 0/0
   395 | D:1      | Reached XP level 2. HP: 17/21 MP: 0/0
   494 | D:1      | You are sucked into a shaft and drop 1 floor!
   507 | D:2      | Reached skill level 3 in Spellcasting
   507 | D:2      | Reached XP level 3. HP: 14/26 MP: 0/0
   507 | D:2      | Learned a level 1 spell: Sting
   673 | D:2      | Reached XP level 4. HP: 9/31 MP: 0/0
  1049 | D:2      | Found a faded altar of an unknown god.
  1953 | D:2      | Upgraded the game from 0.28-a0-390-gb254ac4902 to
                  | 0.28-a0-413-gde365fb1df
  2610 | D:3      | Reached skill level 1 in Fighting
  2669 | D:3      | Reached XP level 5. HP: 29/37 MP: 0/0
  2669 | D:3      | Learned a level 2 spell: Blink
  2864 | D:3      | Reached skill level 4 in Spellcasting
  2940 | D:3      | Found Ynwaafesk's Antique Weapon Boutique.
  2976 | D:3      | Noticed Sigmund
  2980 | D:3      | Killed Sigmund
  2981 | D:3      | Reached XP level 6. HP: 16/42 MP: 0/0
  3288 | D:3      | Reached skill level 5 in Spellcasting
  3954 | D:4      | Noticed a black bear
  3956 | D:4      | Noticed Natasha
  3958 | D:4      | Killed Natasha
  3959 | D:4      | Reached XP level 7. HP: 44/48 MP: 0/0
  3959 | D:4      | Learned a level 2 spell: Poisonous Vapours
  4097 | D:4      | Noticed Natasha
  4104 | D:4      | Killed Natasha
  4140 | D:4      | Noticed Natasha
  4146 | D:4      | Killed Natasha
  4348 | D:4      | Noticed Blork the orc
  4355 | D:4      | Killed Blork the orc
  4553 | D:4      | Noticed Edmund
  4563 | D:4      | Slain by Edmund

Illustrated notes

Levels and vault maps discovered:
D:1:      matt_arrival_spirals, layout_basic, amethyst_killhole,
          wad_floor_pattern_2
D:2:      layout_rooms, shapermc_ecumenical_altar_notcrosses
D:3:      layout_loops_ring, serial_shops, shop, minmay_stone_trees_medium,
          uniq_sigmund
D:4:      layout_loops_cross, uniq_edmund, uniq_natasha, uniq_blork_the_orc

Skill      XL: |  1  2  3  4  5  6  7 |
---------------+----------------------+-----
Spellcasting   | 3 4 5 |  5.8
Fighting       | 1 2 |  2.2
Stealth        | 2 |  2.4
Dodging        | |  2.4

Action                   |  1- 3 |  4- 6 |  7- 9 || total
-------------------------+-------+-------+-------++-------
 Cast: Foxfire           |    37 |    37 |       ||    74
       Scorch            |       |    50 |    33 ||    83
  Use: Scroll            |       |     3 |       ||     3
       Potion            |       |     1 |       ||     1
Armor: Robe              |     1 |     2 |     2 ||     5
Dodge: Dodged            |     5 |     7 |    12 ||    24

Table legend: (Time is in decaauts)
 A = Elapsed time spent in this place.
 B = Non-inter-level travel time spent in this place.
 C = Inter-level travel time spent in this place.
 D = Time resting spent in this place.
 E = Time spent auto-exploring this place.
 F = Levels seen in this place.
 G = Mean time per level.
                   A        B        C        D        E       F      G
               +--------+--------+--------+--------+--------+-----+--------+
         Total |   4562 |   4476 |     86 |    160 |   3948 |   4 | 1140.5 |
       Dungeon |   4562 |   4476 |     86 |    160 |   3948 |   4 | 1140.5 |
               +--------+--------+--------+--------+--------+-----+--------+

Top non-repeatable levels by time:
     D:1: 1338 daAuts
     D:3: 1261 daAuts
     D:2: 1130 daAuts
     D:4: 832 daAuts
